 Dungeon Crawl Stone Soup version 0.31-a0-188-g5e087ee2ca (webtiles) character file.

Game seed: 9394865387787110669

8658 qw the Markself (level 11, -12/70 HPs)
             Began as a Deep Elf Hunter on June 23, 2023.
             Was a High Priest of Okawaru.
             Shot with a sling bullet by Joseph (13 damage)
             ... on level 10 of the Dungeon.
             The game lasted 00:04:09 (9576 turns).

qw the Markself (Deep Elf Hunter)                   Turns: 9576, Time: 00:04:10

Health: -12/70     AC: 13    Str: 16    XL:     11   Next: 12%
Magic:  27/28      EV: 22    Int: 15    God:    Okawaru [*****.]
Gold:   497        SH:  0    Dex: 24    Spells: 10/10 levels left

rFire   + + .        y - +0 arbalest
rCold   . . .        (shield currently unavailable)
rNeg    + . .        b - +0 ring mail
rPois   .            x - +1 helmet "Welinat" {Rampage rF++ rCorr MP+9}
rElec   .            a - +0 cloak of the New World {Dex+2 Slay+3}
rCorr   +            u - +0 pair of gloves
SInv    .            h - +0 pair of boots
Will    +....        k - amulet of faith
Stlth   ++++         m - ring of positive energy
HPRegen 0.31/turn    n - +6 ring of strength
MPRegen 0.21/turn

%: rampage, faith
@: about to teleport, heroic
A: talons 1, thin skeletal structure 1, robust 1
a: Renounce Religion, Heroism, Finesse, Duel


You were on level 10 of the Dungeon.
You worshipped Okawaru.
Okawaru was extremely pleased with you.
You visited 2 branches of the dungeon, and saw 11 of its levels.

You collected 497 gold pieces.


Innate Abilities, Weirdness & Mutations

You have sharp toenails.
You have a somewhat thin skeletal structure. (Dex +2, Stealth+)
You are robust. (+10% HP)


   Skills:
 - Level 5.2(10.2) Fighting
 + Level 15.1(20.1) Ranged Weapons
 - Level 3.0(8.0) Armour
 - Level 9.4(14.4) Dodging
 - Level 1.2(6.2) Stealth
 + Level 9.0 Invocations


You had 10 spell levels left.
You didn't know any spells.
Your spell library was empty.

Inventory:

Hand Weapons
 y - a +0 arbalest (weapon)
Armour
 a - the +0 cloak of the New World (worn) {Dex+2 Slay+3}
   (You acquired it on level 1 of the Dungeon)

   Dex:       It affects your dexterity (+2).
   Slay:      It affects your accuracy & damage with ranged weapons and melee
   (+3).
 b - a +0 ring mail (worn)
 h - a +0 pair of boots (worn)
 u - a +0 pair of gloves (worn)
 x - the +1 helmet "Welinat" (worn) {Rampage rF++ rCorr MP+9}
   (You found it on level 9 of the Dungeon)

   rF:        It greatly protects you from fire.
   MP:        It affects your magic capacity (+9).
   rCorr:     It protects you from acid and corrosion.
   Rampage:   It bestows one free step when moving towards enemies.
Jewellery
 k - an amulet of faith (around neck)
 m - a ring of positive energy (left hand)
 n - a +6 ring of strength (right hand)
 p - an amulet of the acrobat
Scrolls
 d - a scroll of identify
 q - 4 scrolls of teleportation
Potions
 c - a potion of resistance
 e - a potion of haste
 f - 4 potions of heal wounds
 g - a potion of attraction {unknown}
 i - 6 potions of mutation
 j - a potion of magic
 l - 3 potions of curing
 r - a potion of cancellation {unknown}
 s - a potion of might {unknown}
 t - a potion of brilliance {unknown}
 v - a potion of degeneration {unknown}
 w - a potion of enlightenment

Dungeon Overview and Level Annotations

Branches:
Dungeon (10/15)            Temple (1/1) D:5
   Lair: D:8-11         Orc: D:9-12

Altars:
Ashenzari
Dithmenos
Elyvilon
Gozag
Hepliaklqana
Kikubaaqudgha
Makhleb
Nemelex Xobeh
Okawaru
Qazlal
Ru
Sif Muna
Trog
Uskayaw
Vehumet
Wu Jian
Xom
Yredelemnul
Zin
The Shining One

Annotations:
D:2 1 runed translucent door, Crazy Yiuf
D:6 2 runed translucent doors
D:10 Joseph


Message History

You see here a yak corpse.
Joseph, a Mercenary comes into view.
He is wielding a +0 quarterstaff and carrying a wand of quicksilver (8).
Enter note:
Enter note:
Enter note:
Enter note:
Enter note:
Enter note:
Enter note:
Enter note:
Enter note:
Enter note:
Enter note:
Enter note: You shoot a bolt.
The bolt hits Joseph.
Joseph shouts!
Joseph is lightly wounded.
Joseph unwields a +0 quarterstaff.
Joseph wields a +4 sling of electrocution.
You hear the crackle of electricity.
Joseph shoots a sling bullet.
The sling bullet hits you!
You are electrocuted!!
9570 ||| INVOKING Heroism.
You gain the combat prowess of a mighty hero.
Joseph shoots a sling bullet.
The sling bullet misses you.
You shoot a bolt. The bolt completely misses Joseph.
You shoot a bolt. The bolt closely misses Joseph.
Joseph shoots a sling bullet.
The sling bullet barely misses you.
You shoot a bolt. The bolt hits Joseph!
Joseph is lightly wounded.
Joseph shoots a sling bullet.
The sling bullet barely misses you.
You shoot a bolt. The bolt completely misses Joseph.
Joseph shoots a sling bullet.
The sling bullet hits you!
You shoot a bolt. The bolt barely misses Joseph.
Joseph shoots a sling bullet.
The sling bullet hits you!!
You are electrocuted!
Joseph shoots a sling bullet.
The sling bullet hits you!
9576 ||| READING 5 scrolls of teleportation.
As you read the scroll of teleportation, it crumbles to dust.
You feel strangely unstable.
Joseph shoots a sling bullet.
The sling bullet hits you!
You die...

.... .... ...
..##### .....
..@ ###.#######
#..@...#..#
#......#..#
#......#..#
.......#..#..#
........#.....#
....#...#.....#
....#...####..#
... ..... #..#
## ##.... #..#


You could see Joseph.

Vanquished Creatures
  Erica (D:8)
  A two-headed ogre (D:6)
  A rime drake (D:10)
  2 polar bears (D:10)
  Sigmund (D:3)
  A shadow (D:10)
  2 wraiths
  5 yaks (D:10)
  2 steam dragons
  A wyvern (D:10)
  Edmund (D:5)
  4 water moccasins
  Duvessa (D:4)
  A sky beast (D:7)
  10 ice beasts
  3 orc warriors
  A black bear (D:5)
  3 wolves (D:10)
  A phantom (D:7)
  3 centaurs
  2 kobold brigands
  8 bullfrogs
  A gnoll sergeant (D:9)
  A scorpion (D:6)
  8 wights
  Dowan (D:4)
  9 killer bees (D:8)
  A howler monkey (D:6)
  4 orc priests
  2 hounds
  5 jellies
  Terence (D:2)
  2 sleepcaps (D:5)
  Ijyb (D:4)
  Natasha (thrice) (D:2)
  4 orc wizards
  Robin (D:4)
  5 gnolls (D:9)
  9 adders
  3 shadow imps (D:6)
  A white imp (D:7)
  An ufetubus (D:6)
  3 worms
  4 dart slugs
  27 orcs
  6 ball pythons
  6 endoplasms
  6 giant cockroaches
  20 goblins
  7 hobgoblins
  4 quokkas
  6 bats
  7 kobolds
  6 rats
220 creatures vanquished.

Notes
Turn   | Place    | Note
-------+----------+-------------------------------------------
     0 | D:1      | qw the Deep Elf Hunter began the quest for the Orb.
     0 | D:1      | Reached XP level 1. HP: 12/12 MP: 3/3
     0 | D:1      | 0 ||| qw: Version: 0.3-a-9-g12657ce
     0 | D:1      | 0 ||| qw: Game counter: 3702
     0 | D:1      | 0 ||| qw: Always use a shield: true
     0 | D:1      | 0 ||| qw: God list: Okawaru
     0 | D:1      | 0 ||| qw: Allow faded altars: false
     0 | D:1      | 0 ||| qw: Do Orc after D:15 true
     0 | D:1      | 0 ||| qw: Do second Lair branch before Depths: true
     0 | D:1      | 0 ||| qw: Lair rune preference: random
     0 | D:1      | 0 ||| qw: Plans: Normal
     0 | D:1      | 0 ||| PLANNING D:1-11
   150 | D:1      | Reached XP level 2. HP: 16/16 MP: 4/4
   153 | D:1      | Reached skill level 6 in Ranged Weapons
   493 | D:1      | 493 ||| DROPPING +2 sling of freezing.
   784 | D:1      | 784 ||| UPGRADING to +0 pair of boots.
   789 | D:1      | 789 ||| UPGRADING to amulet of faith.
   794 | D:1      | 794 ||| UPGRADING to ring of positive energy.
   795 | D:1      | 795 ||| READING scroll labelled XITSOA POROECS.
   796 | D:1      | 796 ||| READING 2 scrolls labelled MAWNINK YDEHY.
   797 | D:1      | 797 ||| READING scroll of enchant weapon.
   797 | D:1      | 797 ||| ENCHANTING +1 shortbow.
   798 | D:1      | 798 ||| READING scroll labelled OSARRETAAXT.
   798 | D:1      | Identified a scroll of acquirement
   798 | D:1      | 798 ||| ACQUIRING +0 cloak of the New World {Dex+2 Slay+3}
   798 | D:1      | Acquired the +0 cloak of the New World {Dex+2 Slay+3}
   800 | D:1      | 800 ||| UPGRADING to +0 cloak of the New World {Dex+2
                  | Slay+3}.
   805 | D:1      | 805 ||| READING scroll labelled OZOAPLI KEPYIS.
   806 | D:1      | 806 ||| DRINKING 2 brown potions.
   807 | D:1      | 807 ||| DROPPING scroll of butterflies.
   899 | D:2      | Reached XP level 3. HP: 20/20 MP: 5/5
  1060 | D:2      | Noticed Terence
  1064 | D:2      | Killed Terence
  1065 | D:2      | Reached skill level 7 in Ranged Weapons
  1116 | D:2      | Reached XP level 4. HP: 25/25 MP: 6/6
  1281 | D:2      | Noticed Natasha
  1283 | D:2      | Killed Natasha
  1350 | D:2      | Noticed Natasha
  1351 | D:2      | Killed Natasha
  1352 | D:2      | Reached skill level 8 in Ranged Weapons
  1473 | D:2      | Noticed Natasha
  1477 | D:2      | Killed Natasha
  1478 | D:2      | Reached skill level 3 in Dodging
  1478 | D:2      | Reached XP level 5. HP: 29/29 MP: 7/7
  1521 | D:2      | Found a runed translucent door.
  1522 | D:2      | Noticed Crazy Yiuf
  1736 | D:2      | 1736 ||| UPGRADING to +0 ring mail.
  1746 | D:2      | 1746 ||| DROPPING +0 leather armour.
  1747 | D:2      | 1747 ||| READING 2 scrolls labelled WADGHA TU MADD.
  1748 | D:2      | 1748 ||| READING scroll labelled ENUEHU EJAEDUS.
  1796 | D:2      | 1796 ||| READING scroll labelled XUIDAJ ZETIE.
  2035 | D:3      | Found a faded altar of an unknown god.
  2036 | D:3      | Noticed Sigmund
  2041 | D:3      | Killed Sigmund
  2042 | D:3      | Reached skill level 9 in Ranged Weapons
  2042 | D:3      | Reached XP level 6. HP: 34/34 MP: 8/8
  2360 | D:3      | 2360 ||| UPGRADING to +6 ring of strength.
  2361 | D:3      | 2361 ||| READING scroll labelled UMOFEE PUBRU.
  2362 | D:3      | 2362 ||| READING scroll labelled VUSSAX VIYLUNNAU.
  2365 | D:3      | 2365 ||| DRINKING 2 glowing puce potions.
  2486 | D:4      | Noticed Ijyb
  2490 | D:4      | Killed Ijyb
  2551 | D:4      | Reached skill level 1 in Armour
  2643 | D:4      | Noticed Duvessa
  2645 | D:4      | Noticed Dowan
  2648 | D:4      | Killed Duvessa
  2649 | D:4      | Reached skill level 10 in Ranged Weapons
  2649 | D:4      | Reached XP level 7. HP: 40/40 MP: 9/9
  2659 | D:4      | Killed Dowan
  2783 | D:4      | Found a sparkling altar of Nemelex Xobeh.
  2788 | D:4      | Found an ancient bone altar of Kikubaaqudgha.
  2791 | D:4      | Found a hazy altar of Hepliaklqana.
  2853 | D:4      | Noticed Robin
  2855 | D:4      | 2855 ||| Stepping ~*~*~tactically~*~*~ (outnumbered).
  2866 | D:4      | Killed Robin
  2901 | D:4      | 2901 ||| UPGRADING to +0 helmet.
  2906 | D:4      | 2906 ||| DRINKING 4 glowing dark potions.
  2906 | D:4      | Gained mutation: You have sharp toenails. [potion of
                  | mutation]
  2906 | D:4      | Gained mutation: You have a somewhat thin skeletal
                  | structure. (Dex +2, Stealth+) [potion of mutation]
  2906 | D:4      | Gained mutation: You are robust. (+10% HP) [potion of
                  | mutation]
  2920 | D:4      | 2920 ||| DRINKING 2 orange potions.
  3025 | D:4      | 3025 ||| READING 2 scrolls of identify.
  3025 | D:4      | 3025 ||| IDENTIFYING pink potion
  3026 | D:4      | 3026 ||| DROPPING potion of berserk rage.
  3038 | D:5      | Entered Level 5 of the Dungeon
  3196 | D:5      | Reached skill level 11 in Ranged Weapons
  3265 | D:5      | Found a staircase to the Ecumenical Temple.
  3266 | D:5      | 3266 ||| PLANNING TEMPLE
  3266 | D:5      | 3266 ||| READING scroll labelled VAECIU HEPNED.
  3267 | D:5      | 3267 ||| DRINKING 2 bubbling inky potions.
  3299 | D:5      | 3299 ||| DROPPING potion of lignification.
  3308 | Temple   | Entered the Ecumenical Temple
  3347 | Temple   | 3347 ||| PLANNING OKAWARU WORSHIP
  3508 | Temple   | Became a worshipper of Warmaster Okawaru
  3509 | Temple   | 3509 ||| PLANNING D:1-11
  3577 | D:5      | Identified the +1 chain mail "Uputt" {Str+4 Slay-6}
  3653 | D:5      | Found a glowing silver altar of Zin.
  3916 | D:5      | Reached skill level 12 in Ranged Weapons
  4002 | D:5      | 4002 ||| DRINKING 2 fuming black potions.
  4019 | D:6      | Noticed Edmund
  4022 | D:6      | 4022 ||| STAIRDANCE
  4030 | D:5      | Killed Edmund
  4030 | D:5      | Reached * piety under Okawaru
  4031 | D:5      | Reached XP level 8. HP: 36/48 MP: 10/10
  4113 | D:6      | Reached skill level 1 in Invocations
  4156 | D:6      | Found an ornate altar of the Wu Jian Council.
  4232 | D:6      | Reached skill level 3 in Fighting
  4250 | D:6      | Reached skill level 3 in Invocations
  4290 | D:6      | 4290 ||| INVOKING Heroism.
  4430 | D:6      | Found a large runed translucent door.
  4430 | D:6      | Found a large runed translucent door.
  4446 | D:6      | Noticed a two-headed ogre
  4447 | D:6      | 4447 ||| INVOKING Heroism.
  4454 | D:6      | Killed a two-headed ogre
  4454 | D:6      | Reached ** piety under Okawaru
  4455 | D:6      | Reached skill level 13 in Ranged Weapons
  4455 | D:6      | Reached XP level 9. HP: 55/55 MP: 10/15
  5564 | D:7      | 5564 ||| INVOKING Heroism.
  5570 | D:7      | Reached skill level 6 in Dodging
  5611 | D:7      | 5611 ||| INVOKING Heroism.
  5785 | D:7      | 5785 ||| INVOKING Heroism.
  5832 | D:7      | Reached skill level 14 in Ranged Weapons
  5842 | D:7      | 5842 ||| FLEEEEING.
  5843 | D:7      | 5843 ||| FLEEEEING.
  5844 | D:7      | 5844 ||| INVOKING Heroism.
  5940 | D:7      | 5940 ||| INVOKING Heroism.
  6164 | D:7      | 6164 ||| INVOKING Heroism.
  6335 | D:7      | Found an opulent altar of Gozag.
  6528 | D:7      | 6528 ||| READING scroll labelled GOISTR ZUUHA.
  6529 | D:7      | 6529 ||| READING scroll labelled DIGOUP LEOCH.
  6530 | D:7      | 6530 ||| READING 2 scrolls of identify.
  6530 | D:7      | 6530 ||| IDENTIFYING cyan potion
  6709 | D:8      | Reached *** piety under Okawaru
  6788 | D:8      | Noticed Erica
  6790 | D:8      | 6790 ||| INVOKING Heroism.
  6799 | D:8      | Killed Erica
  6800 | D:8      | Reached XP level 10. HP: 44/64 MP: 14/16
  6953 | D:8      | Reached **** piety under Okawaru
  7129 | D:8      | Identified the +2 buckler "Huust" {Dex+3}
  7234 | D:8      | Found a basalt altar of Yredelemnul.
  7296 | D:8      | Reached skill level 6 in Invocations
  7306 | D:8      | Reached skill level 9 in Dodging
  7324 | D:8      | Found a burning altar of Makhleb.
  7326 | D:8      | Noticed a green death
  7363 | D:8      | 7363 ||| INVOKING Heroism.
  7783 | D:8      | 7783 ||| UPGRADING to +0 pair of gloves.
  7788 | D:8      | 7788 ||| READING scroll labelled QAILOL UFUOW.
  7853 | D:9      | 7853 ||| Stepping ~*~*~tactically~*~*~ (outnumbered).
  7855 | D:9      | 7855 ||| Stepping ~*~*~tactically~*~*~ (outnumbered).
  7857 | D:9      | 7857 ||| Stepping ~*~*~tactically~*~*~ (outnumbered).
  7859 | D:9      | 7859 ||| Stepping ~*~*~tactically~*~*~ (outnumbered).
  7861 | D:9      | 7861 ||| Stepping ~*~*~tactically~*~*~ (outnumbered).
  7863 | D:9      | 7863 ||| Stepping ~*~*~tactically~*~*~ (outnumbered).
  7871 | D:9      | 7871 ||| INVOKING Heroism.
  7960 | D:9      | Found a flagged portal.
  8103 | D:9      | 8103 ||| INVOKING Heroism.
  8108 | D:9      | 8108 ||| Stepping ~*~*~tactically~*~*~ (outnumbered).
  8126 | D:9      | Reached skill level 3 in Armour
  8364 | D:9      | Identified the +1 helmet "Welinat" {Rampage rF++ rCorr
                  | MP+9}
  8585 | D:9      | 8585 ||| INVOKING Heroism.
  8591 | D:9      | 8591 ||| Stepping ~*~*~tactically~*~*~ (outnumbered).
  8618 | D:9      | 8618 ||| SWAPPING to +0 arbalest.
  8619 | D:9      | 8619 ||| DROPPING +2 shortbow of draining.
  8847 | D:9      | Found a stormy altar of Qazlal.
  8874 | D:9      | 8874 ||| UPGRADING to +1 helmet "Welinat" {Rampage rF++
                  | rCorr MP+9}.
  8884 | D:9      | 8884 ||| DROPPING +0 helmet.
  8929 | D:9      | 8929 ||| DRINKING 2 clear potions.
  8930 | D:9      | 8930 ||| READING 2 scrolls of identify.
  8930 | D:9      | 8930 ||| IDENTIFYING grey potion
  8931 | D:9      | 8931 ||| DROPPING potion of ambrosia.
  8961 | D:10     | Entered Level 10 of the Dungeon
  9036 | D:10     | Reached ***** piety under Okawaru
  9043 | D:10     | 9043 ||| FLEEEEING.
  9044 | D:10     | 9044 ||| FLEEEEING.
  9045 | D:10     | 9045 ||| FLEEEEING.
  9046 | D:10     | 9046 ||| FLEEEEING.
  9047 | D:10     | 9047 ||| FLEEEEING.
  9050 | D:10     | 9050 ||| FLEEEEING.
  9051 | D:10     | 9051 ||| FLEEEEING.
  9052 | D:10     | 9052 ||| FLEEEEING.
  9057 | D:10     | 9057 ||| FLEEEEING.
  9058 | D:10     | 9058 ||| FLEEEEING.
  9059 | D:10     | 9059 ||| FLEEEEING.
  9060 | D:10     | 9060 ||| FLEEEEING.
  9061 | D:10     | 9061 ||| FLEEEEING.
  9062 | D:10     | 9062 ||| FLEEEEING.
  9063 | D:10     | 9063 ||| FLEEEEING.
  9064 | D:10     | 9064 ||| FLEEEEING.
  9065 | D:10     | 9065 ||| FLEEEEING.
  9222 | D:10     | 9222 ||| INVOKING Heroism.
  9236 | D:10     | Found a bloodstained altar of Trog.
  9248 | D:10     | Received a gift from Okawaru
  9249 | D:10     | Reached XP level 11. HP: 67/70 MP: 19/19
  9427 | D:10     | Reached skill level 15 in Ranged Weapons
  9431 | D:10     | 9431 ||| INVOKING Heroism.
  9435 | D:10     | Reached skill level 9 in Invocations
  9568 | D:10     | Noticed Joseph
  9570 | D:10     | 9570 ||| INVOKING Heroism.
  9575 | D:10     | HP: 9/70 [Joseph/sling bullet (10)]
  9575 | D:10     | HP: 1/70 [Joseph/sling bullet (8)]
  9576 | D:10     | 9576 ||| READING 5 scrolls of teleportation.
  9576 | D:10     | Shot with a sling bullet by Joseph

Levels and vault maps discovered:
D:1:      minmay_arrival_four_loops, layout_basic
D:2:      layout_basic, uniq_terence, uniq_natasha, uniq_crazy_yiuf_cottage
D:3:      cheibrodos_old_hovel, layout_loops_ring,
          ebering_ecumenical_altar_ruins, kennysheep_donut, uniq_sigmund
D:4:      layout_rooms, minmay_overflow_temple_star_quad, nicolae_half_adder,
          uniq_robin, uniq_ijyb, uniq_duvessa
D:5:      layout_gridville, zin_scriptorium, minmay_temple_entry_glass
D:6:      layout_gridville, mainiacjoe_overflow_brackets, jmf_multi_god_temple2,
          uniq_edmund
D:7:      layout_loops_ring, nicolae_gozag_seed_capital,
          chequers_decorated_corner, serial_park_tiny_2,
          hangedman_minor_gate_pass
D:8:      layout_loops_corners, lemuel_crystal_altar, makhleb_altar_promises_db,
          uniq_erica
D:9:      layout_loops_corners, marbit_many_paths, enter_bailey_3
D:10:     layout_grid_maze, trog_ov_bears_minmay, hellmonk_lair_entry_icy,
          uniq_joseph
Temple:   jpeg_temple_alley_garden

Skill      XL: |  1  2  3  4  5  6  7  8  9 10 11 |
---------------+----------------------------------+-----
Ranged Weapons | 6 7 8 9 10 12 13 14 15 | 15.1
Dodging        | 3 5 8 9 |  9.4
Fighting       | 2 3 5 |  5.2
Armour         | 1 2 3 |  3.0
Invocations    | 5 8 9 |  9.0
Stealth        | |  1.2

Action                     |  1- 3 |  4- 6 |  7- 9 | 10-12 || total
---------------------------+-------+-------+-------+-------++-------
   Fire: Shortbow          |    78 |    69 |   242 |   163 ||   552
         Arbalest          |       |       |       |    86 ||    86
 Invoke: Heroism           |       |       |     9 |     7 ||    16
    Use: Scroll            |     5 |     5 |     5 |     3 ||    18
         Potion            |     1 |     1 |     4 |     1 ||     7
 Armour: Leather armour    |     7 |       |       |       ||     7
         Ring mail         |       |     2 |    18 |    25 ||    45
  Dodge: Dodged            |    12 |     3 |    39 |   103 ||   157

Table legend:
 A = Non-vault XP
 B = Vault XP
 C = Vault XP percentage of total XP
 D = Non-vault monster count
 E = Vault monster count
 F = Vault count percentage of total count
                 A         B        C        D         E       F
            +---------+---------+-------+---------+---------+-------
      Total |    8014 |    4355 |  35.2 |     170 |      50 |  22.7
            +---------+---------+-------+---------+---------+-------
        D:1 |      37 |       0 |   0.0 |      20 |       0 |   0.0
        D:2 |     110 |      73 |  39.9 |      16 |       2 |  11.1
        D:3 |      41 |     233 |  85.0 |      16 |       2 |  11.1
        D:4 |      19 |     342 |  94.7 |       8 |      20 |  71.4
        D:5 |     558 |     166 |  22.9 |      17 |       1 |   5.6
        D:6 |    1649 |       0 |   0.0 |      16 |       0 |   0.0
        D:7 |    1203 |     635 |  34.5 |      19 |       8 |  29.6
        D:8 |    1539 |     839 |  35.3 |      28 |       1 |   3.4
        D:9 |    1252 |     126 |   9.1 |      22 |       5 |  18.5
       D:10 |    1606 |    1941 |  54.7 |       8 |      11 |  57.9
            +---------+---------+-------+---------+---------+-------
